 Dungeon Crawl Stone Soup version 0.28.0-53-g5a82cb258f (webtiles) character file.

Game seed: 14818082638240582303

128 DocClef the Chopper (level 4, -9/33 HPs)
             Began as a Demonspawn Gladiator on July 6, 2022.
             Mangled by an iguana (10 damage)
             ... on level 3 of the Dungeon.
             The game lasted 00:03:41 (2536 turns).

DocClef the Chopper (Demonspawn Gladiator)          Turns: 2536, Time: 00:03:41

Health: -9/33      AC: 10    Str: 15 (17) XL:     4   Next: 87%
Magic:  4/4        EV:  6    Int:  7 (9)  God:
Gold:   96         SH:  0    Dex: 11 (14) Spells: 3/3 levels left

rFire   . . .      SeeInvis .   a - +0 war axe
rCold   . . .      Faith    .   (no shield)
rNeg    . . .      Spirit   .   l - +0 chain mail
rPois   .          Reflect  .   c - +1 helmet
rElec   .          Harm     .   (no cloak)
rCorr   .          Rampage  .   (no gloves)
Will    .....                   (no boots)
Stlth   ..........              (no amulet)
HPRegen 0.11/turn               (no ring)
MPRegen 0.09/turn               (no ring)

@: no status effects
A: powered by pain 2
a: no special abilities


You were on level 3 of the Dungeon.
You visited 1 branch of the dungeon, and saw 3 of its levels.

You collected 96 gold pieces.

Inventory:

Hand Weapons
 a - a +0 war axe (weapon)
Missiles
 d - 3 throwing nets (quivered)
Armour
 c - a +1 helmet (worn)
 l - a +0 chain mail (worn)
Scrolls
 b - a scroll of blinking {unknown}
 g - a scroll of identify
Potions
 e - a potion of mutation
 f - a potion of haste


   Skills:
 - Level 2.0 Fighting
 + Level 5.1 Axes
 - Level 1.7 Throwing
 - Level 2.6 Dodging


You had 3 spell levels left.
You didn't know any spells.
Your spell library contained the following spells:

 Spells                   Type           Power      Damage    Failure   Level
 Foxfire                  Conj/Fire      0%         2x1d4     100%        1
 Conjure Flame            Conj/Fire      0%         6-21      100%        3
 Inner Flame              Hex/Fire       0%         N/A       100%        3
 Flame Wave               Conj/Fire      0%         2d4       100%        4


Dungeon Overview and Level Annotations

Branches:
Dungeon (3/15)

Altars:
Makhleb
Yredelemnul


Innate Abilities, Weirdness & Mutations

You sometimes gain power by taking damage.


Message History

You hit the iguana but do no damage.
The iguana is lightly wounded.
The iguana bites you but does no damage.
You hit the iguana but do no damage.
The iguana is lightly wounded.
The iguana bites you.
You barely miss the iguana.
The iguana is lightly wounded.
The iguana bites you but does no damage.
You closely miss the iguana.
The iguana is lightly wounded.
The iguana bites you.
You hit the iguana but do no damage.
The iguana is lightly wounded.
The iguana barely misses you. The iguana bites you.
You are too injured to fight recklessly!
You are too injured to fight recklessly!
You are too injured to fight recklessly!
You are too injured to fight recklessly!
You slash the iguana!
The iguana is severely wounded.
The iguana bites you but does no damage.
You closely miss the iguana.
The iguana is severely wounded.
The iguana hisses menacingly.
The iguana bites you.
* * * LOW HITPOINT WARNING * * *
You closely miss the iguana.
The iguana is severely wounded.
The iguana bites you!
* * * LOW HITPOINT WARNING * * *
You barely miss the iguana.
The iguana is severely wounded.
The iguana bites you but does no damage.
The iguana barely misses you.
Unknown command.
You hit the iguana.
The iguana is almost dead.
The iguana bites you!
You die...

.# #...#+##.8....§≈§
### ...# #...§§§§≈§
..##...#.##.≈≈≈§≈§§
..............§§§..
...............#..####
...............=.....#
...#.............>...#
...#...#.# #.........#
...#...#.# #l@....#
#......#.# ###)####
#..#...#.# #.#
...#...#.# #.#
#.##...#.# #.#
.......#.# #.#
#.##..##.# #.# #.
#.....# #.# #. ##.####
#.#


You could see an iguana.

Vanquished Creatures
  A centaur zombie (D:3)
  2 adders (D:3)
  2 dart slugs (D:1)
  An orc (D:3)
  6 endoplasms
  6 giant cockroaches
  7 goblins
  5 hobgoblins
  8 kobolds
  4 quokkas
  5 ball pythons
  5 bats
  6 frilled lizards
  2 quokka zombies (D:3)
  11 rats
71 creatures vanquished.

Notes
Turn   | Place    | Note
-------+----------+-------------------------------------------
     0 | D:1      | DocClef the Demonspawn Gladiator began the quest for the
                  | Orb.
     0 | D:1      | Reached XP level 1. HP: 16/16 MP: 1/1
    25 | D:1      | Reached skill level 3 in Axes
    58 | D:1      | Gained mutation: You sometimes gain a little power by
                  | taking damage. [demonic ancestry]
    58 | D:1      | Reached XP level 2. HP: 22/22 MP: 2/2
   317 | D:1      | Reached XP level 3. HP: 27/27 MP: 3/3
   460 | D:1      | Reached skill level 4 in Axes
   912 | D:2      | Found a faded altar of an unknown god.
  1787 | D:3      | Gained mutation: You sometimes gain power by taking damage.
                  | [demonic ancestry]
  1787 | D:3      | Reached XP level 4. HP: 26/33 MP: 4/4
  1845 | D:3      | Found a basalt altar of Yredelemnul.
  2172 | D:3      | Reached skill level 5 in Axes
  2417 | D:3      | Found a burning altar of Makhleb.
  2534 | D:3      | HP: 1/33 [iguana (8)]
  2536 | D:3      | Mangled by an iguana

Illustrated notes

Levels and vault maps discovered:
D:1:      wander_arrival_desolate, layout_loops_ring, minmay_statues_item,
          minmay_octomino_c4
D:2:      layout_loops_ring, shapermc_ecumenical_altar_venn
D:3:      layout_basic, mainiacjoe_overflow_catwalk,
          nicolae_yredelemnul_corpse_copse

Skill      XL: |  1  2  3  4 |
---------------+-------------+-----
Axes           | 3 4 5 |  5.1
Fighting       | |  2.0
Throwing       | |  1.7
Dodging        | |  2.6

Action                   |  1- 3 |  4- 6 || total
-------------------------+-------+-------++-------
Melee: War axe           |   135 |    49 ||   184
       Punch             |     2 |     1 ||     3
  Use: Scroll            |     5 |     2 ||     7
       Potion            |       |     5 ||     5
Armor: Leather armour    |    29 |       ||    29
       Ring mail         |    38 |     4 ||    42
       Chain mail        |       |    18 ||    18
Dodge: Dodged            |   121 |    17 ||   138
